AoeStats
← [PSCH] R!ce

Pilgrims

509618952Analyzed
4v4 RM · 6d ago on Sep 27, 2026· 39m 9s· 8 players
Game mode
Random Map
Map size
Large (8 player)
Population
200
Speed
Normal
Resources
Standard
Victory
Conquest
Starting age
Dark Age
Ending age
Imperial Age
RankedLock teamsTeams togetherTeam positionsShared explorationLock speedFull tech treeHidden civsTurbo modeCheats
Victory
Defeat
1512
+13
🇹🇷 Tatars · Türkiye
1511
+13
🇺🇸 Aztecs · United States
1460
+16
🇨🇳 Chinese · China
1454
+16
🇨🇭 Slavs · Switzerland
1486
-16
🇮🇹 Byzantines · Italy
1474
-15
🇨🇭 Malay · Switzerland
1438
-14
🇨🇭 Saxons · Switzerland
1411
-13
OS | _MidGard_
9:49 Loom
11:41 Feudal Age
13:00 Wheelbarrow
12:11 Double-Bit Axe
14:59 Fletching
16:08 Loom
18:56 Castle Age
22:27 Medium Warships
21:58 Fishing Lines
22:32 Bow Saw
22:24 Gold Mining
22:15 Horse Collar
24:47 Stone Mining
33:14 Hand Cart
38:13 Stone Shaft Mining
38:13 Gold Shaft Mining
38:47 Bodkin Arrow
39:46 Stone Shaft Mining
[PSCH] Reh
4:18 Loom
12:08 Feudal Age
16:04 Castle Age
14:08 Double-Bit Axe
14:16 Gold Mining
15:34 Fletching
17:23 Medium Warships
17:33 Bow Saw
19:17 Scale Mail Armor
23:47 Squires
24:03 Chain Mail Armor
23:31 Man-at-Arms
26:06 Fishing Lines
29:10 Wheelbarrow
31:25 Imperial Age
29:41 Forging
30:08 Bloodlines
30:00 Husbandry
30:15 Scale Barding Armor
31:03 Horse Collar
31:48 Heavy Plow
31:43 Capped Ram
33:00 Gillnets
34:06 Gold Shaft Mining
33:23 Stone Mining
33:37 Cavalier
36:36 Chain Barding Armor
38:06 Iron Casting
39:10 Plate Barding Armor
[PSCH] R!ce
3:45 Loom
10:02 Feudal Age
18:08 Double-Bit Axe
24:09 Castle Age
26:35 Scale Mail Armor
31:01 Imperial Age
29:46 Chain Mail Armor
30:07 Bow Saw
32:34 Plate Mail Armor
33:41 Forging
33:21 Arson
34:44 Onager
38:45 Fletching
39:30 Iron Casting
ChnebelSchnägg
5:56 Loom
9:18 Feudal Age
11:49 Wheelbarrow
11:32 Double-Bit Axe
16:23 Fletching
23:20 Castle Age
23:19 Medium Warships
29:24 Bodkin Arrow
29:48 Town Watch
30:06 Padded Archer Armor
31:23 Crossbowman
32:09 Thumb Ring
32:22 Hand Cart
mxrider971
9:16 Loom
11:40 Feudal Age
14:24 Fishing Lines
18:08 Castle Age
17:27 Horse Collar
18:04 Double-Bit Axe
19:42 Heavy Plow
19:58 Bow Saw
21:09 Town Watch
22:01 Wheelbarrow
24:58 Town Patrol
31:37 Scale Mail Armor
31:41 Squires
31:30 Arson
33:17 Forging
35:30 Iron Casting
40:17 Imperial Age
38:41 Chain Mail Armor
DetectiveYemitoShumafuk
1:37 Loom
15:12 Feudal Age
21:29 Castle Age
19:26 Horse Collar
21:13 Double-Bit Axe
24:14 Wheelbarrow
32:52 Redemption
34:00 Sanctity
33:51 Fervor
36:33 Hand Cart
36:49 Wagenburg Tactics
36:58 Atonement
38:24 Town Watch
41:35 Imperial Age
39:26 Devotion
CBRM
4:09 Loom
4:22 Loom
11:54 Feudal Age
12:42 Town Watch
12:44 Double-Bit Axe
12:41 Horse Collar
13:59 Fletching
19:27 Castle Age
30:21 Heavy Plow
30:13 Gold Mining
34:15 Padded Archer Armor
34:46 Husbandry
35:48 Ballistics
36:08 Bloodlines
38:03 Wheelbarrow
38:48 Bodkin Arrow
卫星点灯
12:26 Feudal Age
16:21 Castle Age
14:30 Stone Mining
14:57 Fishing Lines
15:08 Double-Bit Axe
15:57 Gold Mining
17:12 Wheelbarrow
18:14 Bow Saw
25:28 Imperial Age
24:06 Fletching
26:37 Hand Cart
27:48 Ballistics
28:53 Town Watch
30:33 Gold Shaft Mining
31:07 Bodkin Arrow
32:11 Horse Collar
34:18 Bracer
34:55 Thumb Ring
36:42 Padded Archer Armor
37:44 Chemistry
Connection lost

Rejoining the realm…

Still unreachable

The connection could not be restored.

Session expired

The server has moved on; the page needs a fresh start.